 Dungeon Crawl Stone Soup version 0.31-a0-204-g7da18cac08 (webtiles) character file.

Game seed: 8531873775224199274

123 qw the Skirmisher (level 4, -4/25 HPs)
             Began as a Deep Elf Hunter on June 27, 2023.
             Slain by a river rat (5 damage)
             ... in a sewer.
             The game lasted 00:00:55 (2003 turns).

qw the Skirmisher (Deep Elf Hunter)                 Turns: 2003, Time: 00:00:55

Health: -4/25      AC:  6    Str: 10    XL:     4   Next: 79%
Magic:  6/6        EV: 11    Int: 14    God:
Gold:   140        SH:  0    Dex: 18    Spells: 3/3 levels left

rFire   . . .        Y - +0 shortbow
rCold   . . .        (shield currently unavailable)
rNeg    . . .        c - +1 ring mail
rPois   .            (no helmet)
rElec   .            (no cloak)
rCorr   .            (no gloves)
SInv    .            (no boots)
Will    .....        (no amulet)
Stlth   +            (no ring)
HPRegen 0.24/turn    (no ring)
MPRegen 0.10/turn

%: no passive effects
@: about to teleport
A: no striking features
a: no special abilities


You were in a sewer.
You visited 1 branch of the dungeon, and saw 3 of its levels.
You also visited: Sewer.

You collected 140 gold pieces.


   Skills:
 - Level 1.5 Fighting
 + Level 8.2 Ranged Weapons
 - Level 2.4 Dodging
 - Level 1.2 Stealth


You had 3 spell levels left.
You didn't know any spells.
Your spell library was empty.

Inventory:

Hand Weapons
 Y - a +0 shortbow (weapon)
Armour
 c - a +1 ring mail (worn)
 l - a +0 cloak
Scrolls
 a - a scroll of amnesia {unknown}
 b - a scroll of teleportation
 f - a scroll of brand weapon {unknown}
 j - a scroll of identify {unknown}
Potions
 d - a potion of might
 e - a potion of magic {unknown}
 g - a potion of berserk rage {unknown}
 h - a potion of curing {unknown}
 i - a potion of haste {unknown}
 k - a potion of enlightenment {unknown}

Dungeon Overview and Level Annotations

Branches:
Dungeon (3/15)              Sewer (1/1)

Altars:

Shops:
D:1 =


Message History

You enter the shallow water.
Moving in this stuff is going to be slow.
You see here a giant cockroach corpse.
You enter the shallow water.
Moving in this stuff is going to be slow.
A ball python comes into view.
The ball python hisses angrily.
You shoot an arrow.
The arrow barely misses the ball python.
You shoot an arrow.
The arrow closely misses the ball python.
The ball python misses you. The ball python grabs you.
The ball python constricts you.
You shoot an arrow. The arrow hits the ball python.
You kill the ball python!
You open the large door.
Found 3 potions of degeneration.
There is a large open door here.
l - a +0 cloak
There is a large open door here.
You open the large door. 4 river rats come into view.
You shoot an arrow. The arrow closely misses the river rat.
The arrow hits the river rat but does no damage.
The river rat bites you.
The river rat bites you but does no damage.
You shoot an arrow. The arrow hits the river rat!
The river rat is severely wounded.
The river rat bites you. x3; The river rat barely misses you.
You shoot an arrow.
The arrow hits the river rat but does no damage.
The river rat is severely wounded.
The river rat barely misses you. The river rat bites you.
You shoot an arrow. The arrow closely misses the river rat.
The river rat barely misses you. x2; The river rat bites you!
2003 ||| READING 2 scrolls of teleportation.
As you read the scroll of teleportation, it crumbles to dust.
You feel strangely unstable. The river rat bites you.
You die...

#~~~~~~~~~~~~~~~~
#~~~~~~~~~~~~~~.~
#.~~####~~####~~~
#~~.# #.~# ~.
#~~~# #~.# ~
#~~.####.~###
#~~.##!#..#.#
#.~~##!'.rr.#
#~~~##.'.@r.#
#~~~##!#.r#.#
#~~~####..# #
#~~~# #..# #~~~#
#..# #~~~# #..#
#%~~# +..+ #~~.#
+..+ #~~~#


You could see 4 river rats.

Vanquished Creatures
  Jessica (D:3)
  2 adders (Sewer)
  A river rat (Sewer)
  A worm (Sewer)
  An orc (D:2)
  7 ball pythons
  7 endoplasms
  7 giant cockroaches
  5 goblins (D:1)
  3 hobgoblins
  A jackal (Sewer)
  4 kobolds
  7 quokkas
  6 bats
  6 frilled lizards
  5 rats
64 creatures vanquished.

Notes
Turn   | Place    | Note
-------+----------+-------------------------------------------
     0 | D:1      | qw the Deep Elf Hunter began the quest for the Orb.
     0 | D:1      | Reached XP level 1. HP: 12/12 MP: 3/3
     0 | D:1      | 0 ||| qw: Version: 0.3-a-22-g0ed2b0b
     0 | D:1      | 0 ||| qw: Game counter: 6633
     0 | D:1      | 0 ||| qw: Melee chars always use a shield: true
     0 | D:1      | 0 ||| qw: God list: Okawaru
     0 | D:1      | 0 ||| qw: Allow faded altars: false
     0 | D:1      | 0 ||| qw: Do Orc after clearing Dungeon:15 true
     0 | D:1      | 0 ||| qw: Do second Lair branch before Depths: true
     0 | D:1      | 0 ||| qw: Lair rune preference: random
     0 | D:1      | 0 ||| qw: Goals: Normal
     0 | D:1      | 0 ||| PLANNING D:1-11
    94 | D:1      | Found Jyem's Jewellery Emporium.
    97 | D:1      | 97 ||| SHOPLISTING +4 ring of protection (360 gold, have
                  | 0).
    97 | D:1      | 97 ||| SHOPLISTING amulet of reflection (300 gold, have 0).
    97 | D:1      | 97 ||| SHOPLISTING ring "Jaziyk" {Fire *Corrode rElec rN+
                  | Int+3} (439 gold, have 0).
    97 | D:1      | 97 ||| SHOPLISTING ring of fire (250 gold, have 0).
    97 | D:1      | 97 ||| SHOPLISTING ring of positive energy (200 gold, have
                  | 0).
    97 | D:1      | 97 ||| SHOPLISTING ring of see invisible (150 gold, have
                  | 0).
   274 | D:1      | Reached XP level 2. HP: 16/16 MP: 4/4
   284 | D:1      | Reached skill level 6 in Ranged Weapons
   657 | D:1      | Reached XP level 3. HP: 17/20 MP: 5/5
   929 | D:1      | 929 ||| UPGRADING to +0 scale mail.
   939 | D:1      | 939 ||| DROPPING +0 leather armour.
   940 | D:1      | 940 ||| DROPPING ring of magical power.
   941 | D:1      | 941 ||| READING scroll labelled QOCKUQ SUMY.
   942 | D:1      | 942 ||| READING scroll labelled HOURAD HIUN.
   945 | D:1      | 945 ||| READING scroll labelled AMIXKULAGA.
   946 | D:1      | 946 ||| DRINKING 2 bubbling sapphire potions.
   947 | D:1      | 947 ||| DROPPING scroll of butterflies.
   975 | D:2      | 975 ||| STAIRDANCE
  1593 | D:2      | 1593 ||| UPGRADING to +0 ring mail.
  1603 | D:2      | 1603 ||| DROPPING +0 scale mail.
  1604 | D:2      | 1604 ||| READING scroll labelled HUEXOD CYULL.
  1605 | D:2      | 1605 ||| READING 2 scrolls labelled WAERGH AHODA.
  1606 | D:2      | 1606 ||| READING scroll of enchant armour.
  1606 | D:2      | 1606 ||| ENCHANTING +0 ring mail.
  1623 | D:3      | 1623 ||| PLANNING SEWER
  1642 | D:3      | Noticed Jessica
  1644 | D:3      | Killed Jessica
  1645 | D:3      | Reached skill level 7 in Ranged Weapons
  1645 | D:3      | Reached XP level 4. HP: 16/25 MP: 6/6
  1716 | D:3      | 1716 ||| Stepping ~*~*~tactically~*~*~ (water).
  1731 | D:3      | Found a glowing drain.
  1782 | Sewer    | Entered a sewer
  1840 | Sewer    | 1840 ||| Stepping ~*~*~tactically~*~*~ (water).
  1843 | Sewer    | 1843 ||| Stepping ~*~*~tactically~*~*~ (water).
  1859 | Sewer    | Reached skill level 8 in Ranged Weapons
  1965 | Sewer    | 1965 ||| Stepping ~*~*~tactically~*~*~ (water).
  1967 | Sewer    | 1967 ||| Stepping ~*~*~tactically~*~*~ (water).
  2002 | Sewer    | HP: 1/25 [river rat (7)]
  2003 | Sewer    | 2003 ||| READING 2 scrolls of teleportation.
  2003 | Sewer    | Slain by a river rat

Levels and vault maps discovered:
D:1:      psy_arrival_whirlpool, layout_basic, serial_shops,
          nicolae_shop_behind_doors
D:2:      layout_loops_ring
D:3:      layout_loops_ring, gup_sewer_entry_pipe, corexii_corridor_pit,
          grunt_decor_resistance, uniq_crazy_yiuf_cottage, uniq_sigmund,
          uniq_jessica
Sewer:    sewer_fruit_machine

Skill      XL: |  1  2  3  4 |
---------------+-------------+-----
Ranged Weapons | 6 7 8 |  8.2
Fighting       | |  1.5
Dodging        | |  2.4
Stealth        | |  1.2

Action                     |  1- 3 |  4- 6 || total
---------------------------+-------+-------++-------
   Fire: Shortbow          |   103 |   127 ||   230
    Use: Scroll            |     6 |     1 ||     7
         Potion            |     1 |       ||     1
 Armour: Leather armour    |     6 |       ||     6
         Scale mail        |    10 |       ||    10
         Ring mail         |       |    17 ||    17
  Dodge: Dodged            |    29 |    39 ||    68

Table legend:
 A = Non-vault XP
 B = Vault XP
 C = Vault XP percentage of total XP
 D = Non-vault monster count
 E = Vault monster count
 F = Vault count percentage of total count
                 A         B        C        D         E       F
            +---------+---------+-------+---------+---------+-------
      Total |      60 |     116 |  65.9 |      37 |      27 |  42.2
            +---------+---------+-------+---------+---------+-------
        D:1 |      44 |       0 |   0.0 |      28 |       0 |   0.0
        D:2 |      16 |       0 |   0.0 |       9 |       0 |   0.0
        D:3 |       0 |      49 | 100.0 |       0 |       7 | 100.0
      Sewer |       0 |      67 | 100.0 |       0 |      20 | 100.0
            +---------+---------+-------+---------+---------+-------
